 Dungeon Crawl Stone Soup version 0.29-a0-1009-g60c99734e7 (webtiles) character file.

Game seed: 3581153444068171659

254 gelatine the Chopper (level 5, -4/40 HPs)
             Began as a Demonspawn Gladiator on Aug 8, 2022.
             Slain by a gnoll
             ... wielding a +0 flail
              (11 damage)
             ... on level 3 of the Dungeon.
             The game lasted 00:04:30 (3216 turns).

gelatine the Chopper (Demonspawn Gladiator)         Turns: 3216, Time: 00:04:31

Health: -4/40      AC:  4    Str: 16    XL:     5   Next: 91%
Magic:  5/5        EV: 12    Int: 11    God:
Gold:   86         SH:  0    Dex: 15    Spells: 4/4 levels left

rFire   . . .      SeeInvis .   a - +0 war axe
rCold   . . .      Faith    .   (no shield)
rNeg    . . .      Spirit   .   b - +0 leather armour
rPois   .          Reflect  .   c - +0 helmet
rElec   .          Harm     .   (no cloak)
rCorr   .          Rampage  .   (no gloves)
Will    .....                   (no boots)
Stlth   +.........              (no amulet)
HPRegen 0.13/turn               (no ring)
MPRegen 0.09/turn               (no ring)

@: no status effects
A: demonic guardian 1, big brain 1
a: no special abilities


You were on level 3 of the Dungeon.
You visited 1 branch of the dungeon, and saw 3 of its levels.

You collected 108 gold pieces.
You spent 22 gold pieces at shops.

Inventory:

Hand Weapons
 a - a +0 war axe (weapon)
 d - a +1 vampiric rapier
 f - a +1 sling of freezing
Armour
 b - a +0 leather armour (worn)
 c - a +0 helmet (worn)
Scrolls
 g - a scroll of teleportation {unknown}
 i - a scroll of enchant weapon {unknown}
 k - a scroll of enchant armour {unknown}
 l - a scroll of vulnerability {unknown}
 n - a scroll of poison {unknown}
Potions
 h - a potion of heal wounds {unknown}
 j - a potion of mutation
 m - a potion of invisibility {unknown}
 o - a potion of curing


   Skills:
 + Level 2.9 Fighting
 + Level 0.3 Short Blades
 + Level 4.4 Axes
 + Level 2.1 Throwing
 + Level 2.1 Armour
 + Level 3.3 Dodging
 + Level 0.4 Stealth


You had 4 spell levels left.
You didn't know any spells.
Your spell library contained the following spells:

 Spells                   Type           Power      Damage    Failure   Level
 Beastly Appendage        Tmut           0%         N/A       41%         1
 Wereblood                Tmut           0%         N/A       54%         2
 Spider Form              Tmut/Pois      0%         N/A       78%         3


Dungeon Overview and Level Annotations

Branches:
Dungeon (3/15)

Altars:

Shops:
D:2 ?


Innate Abilities, Weirdness & Mutations

A weak demonic guardian rushes to your aid.
You have an unusually large brain. (Int +2)


Message History

Things that are here:
a +0 scythe; a +0 robe; the human corpse of Sigmund
e - a javelin Your shadow imp disappears in a puff of smoke!
Found a stone staircase leading up.
A gnoll comes into view. It is wielding a +0 flail.
A gnoll comes into view. It is wielding a +0 spear.
You throw a javelin. The javelin closely misses the gnoll.
The gnoll shouts!
A gnoll comes into view. It is wielding a +0 spear.
A gnoll comes into view. It is wielding a +0 flail.
The gnoll shouts!
The gnoll hits you from afar with a +0 spear.
The gnoll barely misses you.
You slash the gnoll!
The gnoll is almost dead.
You hit the gnoll. The gnoll barely misses you.
You hit the gnoll.
You kill the gnoll!
You hit the gnoll but do no damage.
The gnoll hits you from afar with a +0 spear.
The gnoll hits you with a +0 flail.
The gnoll throws a throwing net.
The throwing net barely misses you.
You slash the gnoll!
You kill the gnoll!
The gnoll completely misses you.
The gnoll hits you from afar with a +0 spear.
You hit the gnoll but do no damage.
The gnoll hits you from afar with a +0 spear.
The gnoll closely misses you. The gnoll hits you with a +0 flail!
A demonic guardian appears!
You closely miss the gnoll. You hit the gnoll.
The gnoll hits you with a +0 flail!
* * * LOW HITPOINT WARNING * * *
The gnoll hits you with a +0 spear.
* * * LOW HITPOINT WARNING * * *
Your shadow imp hits the gnoll but does no damage.
You hit the gnoll but do no damage. You barely miss the gnoll.
The gnoll hits you with a +0 flail!
You die...

......####..... ..#...
#...<)...... #.#...
..#..†)†.#....
#....#####.####........
##..... .....####......
##..#..#####.............
...#..<.........#.......
#.#(.g5........#.##....
#.....@g..(....#.# ....
##.#.)...........# ####
##.###.######..### #..#
#.#####...##### #.##
#...#...#..^..# ##.#
###...#######..#
#..######...##.... #
#.....).÷......#
#########......#


You could see 2 gnolls and a friendly shadow imp (summoned).

Vanquished Creatures
  2 gnolls (D:3)
  2 adders (D:2)
  A worm (D:2)
  7 endoplasms
  4 giant cockroaches
  3 goblins
  3 hobgoblins (D:2)
  4 kobolds
  2 quokkas
  4 ball pythons
  4 bats
  A frilled lizard (D:1)
  8 rats
45 creatures vanquished.

Vanquished Creatures (collateral kills)
  Sigmund (D:3)
  An adder (D:2)
2 creatures vanquished.

Grand Total: 47 creatures vanquished

Notes
Turn   | Place    | Note
-------+----------+-------------------------------------------
     0 | D:1      | gelatine the Demonspawn Gladiator began the quest for the
                  | Orb.
     0 | D:1      | Reached XP level 1. HP: 16/16 MP: 1/1
   662 | D:1      | Gained mutation: A weak demonic guardian rushes to your
                  | aid. [demonic ancestry]
   662 | D:1      | Reached XP level 2. HP: 19/22 MP: 2/2
   664 | D:1      | Reached skill level 3 in Axes
  1545 | D:2      | Reached XP level 3. HP: 14/27 MP: 3/3
  1748 | D:2      | Found Sotirchax's Magic Scroll Emporium.
  1754 | D:2      | Bought a scroll of identify for 22 gold pieces
  2355 | D:2      | Reached skill level 1 in Armour
  2925 | D:3      | Reached XP level 4. HP: 31/34 MP: 4/4
  2963 | D:3      | Noticed Sigmund
  2975 | D:3      | Killed Sigmund
  2976 | D:3      | Reached skill level 4 in Axes
  2976 | D:3      | Gained mutation: You have an unusually large brain. (Int
                  | +2) [demonic ancestry]
  2976 | D:3      | Reached XP level 5. HP: 11/40 MP: 5/5
  3216 | D:3      | Slain by a gnoll

Illustrated notes

Levels and vault maps discovered:
D:1:      dpeg_arrival_circle_labyrinth_c, layout_basic
D:2:      layout_loops_ring, serial_shops, nicolae_shop_waterfront,
          minmay_misc_feat_secret_circle,
          nicolae_concentric_dashed_squares_wild,
          chequers_serial_rivers_micro_e, minmay_misc_feat_square, minivault_27,
          kennysheep_generic_room_5
D:3:      layout_rooms, chequers_temple_overflow_statue_of_worship, uniq_sigmund

Skill      XL: |  1  2  3  4 |
---------------+-------------+-----
Axes           | 3 4 |  4.4
Throwing       | 2 |  2.1
Dodging        | 3 |  3.3
Armour         | 1 2 |  2.1
Fighting       | |  2.9
Short Blades   | |  0.3
Stealth        | |  0.4

Action                   |  1- 3 |  4- 6 || total
-------------------------+-------+-------++-------
Melee: War axe           |   114 |    17 ||   131
       Rapier            |    17 |       ||    17
       Punch             |     3 |       ||     3
Throw: Throwing net      |     5 |       ||     5
       Javelin           |       |     2 ||     2
  Use: Scroll            |     2 |       ||     2
       Potion            |     1 |       ||     1
 Stab: Held in net/web   |     1 |       ||     1
       Sleeping          |     1 |       ||     1
Armor: Leather armour    |    52 |       ||    52
Dodge: Dodged            |   111 |    12 ||   123

Table legend: (Time is in decaauts)
 A = Elapsed time spent in this place.
 B = Non-inter-level travel time spent in this place.
 C = Inter-level travel time spent in this place.
 D = Time resting spent in this place.
 E = Time spent auto-exploring this place.
 F = Levels seen in this place.
 G = Mean time per level.
                   A        B        C        D        E       F      G
               +--------+--------+--------+--------+--------+-----+--------+
         Total |   3263 |   3178 |     85 |      0 |   2735 |   3 | 1087.7 |
       Dungeon |   3263 |   3178 |     85 |      0 |   2735 |   3 | 1087.7 |
               +--------+--------+--------+--------+--------+-----+--------+

Top non-repeatable levels by time:
     D:2: 1946 daAuts
     D:1: 1010 daAuts
     D:3: 305 daAuts
